Map: Oxide LE

Players

uThermal

  • Race: Terran Terran

Denver - Winner!

  • Race: Zerg Zerg

Event: DreamHack SC2 Masters 2021 Fall

VOD

Have the link to the VOD?

Description

Time

  • Played on: Aug. 8, 2021, 12:55 p.m.
  • Length: 13:13

All games in this series

Show
View Real Time Build Order
Export as new Build Order

uThermal Terran 

Build Orders:  

Get SALT Encoding   

  12  0:00  SCV  
  13  0:12  SCV  
  14  0:17  Supply Depot  
  14  0:24  SCV  
  15  0:38  SCV  
  15  0:40  Barracks  
  16  0:43  Refinery  
  16  0:50  SCV  
  17  1:02  SCV  
  18  1:14  SCV  
  19  1:26  Barracks Reactor  
  19  1:27  Orbital Command  
  19  1:39  Command Center  
  19  1:49  Supply Depot  
  19  1:53  SCV  
  20  2:02  Marine x2  
  20  2:05  SCV  
  20  2:08  Barracks  
  23  2:15  Barracks  
  23  2:17  SCV  
  23  2:22  Marine x2  
  26  2:29  SCV  
  27  2:39  Marine  
  27  2:40  Marine  
  27  2:42  SCV  
  30  2:51  Orbital Command  
  30  2:54  SCV  
  30  2:55  Barracks Tech Lab  
  30  2:57  Marine  
  30  2:58  Marine  
  33  3:03  Barracks Tech Lab  
  33  3:06  SCV  
  33  3:11  Supply Depot  
  34  3:14  Marine  
  34  3:15  Marine, Stimpack  
  34  3:18  SCV  
  34  3:19  Marine, SCV  
  39  3:21  Marine  
  40  3:30  SCV  
  40  3:31  SCV  
  40  3:32  Marine  
  40  3:33  Marine  
  43  3:36  Marine  
  43  3:39  Marine  
  45  3:42  SCV  
  45  3:43  SCV, Combat Shield  
  45  3:44  Supply Depot  
  47  3:50  Marine  
  47  3:51  Marine  
  47  3:54  Marine, SCV  
  51  3:55  SCV  
  51  3:57  Marine  
  51  3:59  Supply Depot  
  53  4:02  Refinery  
  53  4:03  Refinery  
  53  4:06  SCV  
  53  4:07  Marine  
  53  4:08  Marine  
  56  4:12  Marine, SCV  
  56  4:14  Marine  
  59  4:18  SCV, Factory  
  59  4:23  Engineering Bay  
  60  4:25  Marine, SCV  
  60  4:26  Marine  
  60  4:30  Marine, SCV  
  65  4:35  Supply Depot  
  65  4:36  Marine  
  65  4:37  SCV  
  67  4:43  SCV  
  68  4:47  Marine  
  68  4:49  Supply Depot  
  68  4:50  Terran Infantry Weapons Level 1  
  70  4:56  Marine x2  
  70  4:59  Marine, SCV  
  73  5:04  Factory Reactor  
  73  5:05  Marine  
  73  5:07  Starport  
  74  5:08  SCV  
  74  5:13  Refinery, Marine, SCV  
  74  5:14  Marine  
  77  5:15  Supply Depot  
  77  5:18  Marine  
  79  5:23  SCV  
  79  5:24  Marine  
  79  5:25  SCV  
  82  5:29  Supply Depot  
  82  5:35  SCV  
  82  5:36  Marine x2  
  82  5:38  SCV  
  86  5:44  Barracks Reactor  
  86  5:47  Supply Depot  
  86  5:49  Marine  
  86  5:51  Medivac x2  
  86  5:53  Siege Tank  
  86  5:54  Marine  
  86  5:56  Marine  
  96  6:03  Supply Depot  
  96  6:07  Marine  
  97  6:16  Command Center  
  97  6:18  Marine x2  
  99  6:23  Marine  
  100  6:25  Marine  
  100  6:26  Siege Tank  
  100  6:29  Medivac  
  106  6:34  Medivac  
  108  6:40  Supply Depot  
  108  6:43  Marine x2  
  108  6:44  Marine  
  108  6:45  Marine  
  108  6:47  Terran Infantry Armor Level 1, Marine  
  113  7:00  Siege Tank  
  113  7:01  Marine x2  
  116  7:02  Marine  
  116  7:03  Marine  
  116  7:05  Marine  
  116  7:07  Supply Depot  
  117  7:18  Marine  
  117  7:19  Marine, Liberator x2  
  117  7:20  Marine  
  117  7:21  Marine  
  90  7:23  Marine  
  91  7:32  Siege Tank  
  91  7:33  SCV  
  91  7:36  Marine x2  
  97  7:38  Marine  
  97  7:39  Marine, SCV  
  97  7:41  Supply Depot  
  100  7:46  SCV  
  101  7:51  SCV  
  101  7:54  Marine, Barracks  
  101  7:55  Barracks  
  101  7:57  Marine  
  101  7:58  SCV  
  105  7:59  Marine x2  
  105  8:03  SCV  
  108  8:08  Marine  
  108  8:12  Marine  
  103  8:13  Siege Tank  
  103  8:15  Marine  
  103  8:16  Marine  
  103  8:17  Marine  
  105  8:25  Orbital Command  
  105  8:26  Marine, SCV x2  
  102  8:29  Liberator  
  102  8:30  Marine  
  102  8:33  Marine  
  107  8:34  Marine  
  107  8:35  Marine  
  107  8:38  SCV  
  107  8:40  Liberator  
  113  8:44  Armory  
  113  8:45  Engineering Bay  
  113  8:46  Barracks Reactor x2  
  113  8:47  Siege Tank  
  116  8:48  Marine  
  116  8:50  SCV  
  116  8:51  Marine x2, SCV  
  121  8:57  Bunker  
  121  8:58  Marine  
  121  8:59  SCV, Supply Depot  
  121  9:01  Marine  
  124  9:03  SCV  
  124  9:06  Marine  
  124  9:08  SCV  
  124  9:09  Marine x2  
  129  9:14  Medivac  
  129  9:16  Marine  
  132  9:18  Marine  
  132  9:19  Siege Tank  
  132  9:22  Marine  
  132  9:23  Medivac  
  134  9:24  Marine  
  134  9:25  Missile Turret  
  134  9:26  Marine x2  
  134  9:27  Marine x2, Missile Turret x2  
  134  9:29  Marine  
  140  9:32  Terran Infantry Weapons Level 2  
  140  9:33  Terran Infantry Armor Level 2  
  140  9:37  Marine  
  140  9:38  SCV, Terran Vehicle Weapons Level 1  
  141  9:39  Marine, SCV  
  141  9:41  Marine  
  141  9:43  Marine  
  146  9:47  Marine x2  
  146  9:49  Supply Depot  
  146  9:50  Marine  
  146  9:52  Siege Tank  
  152  9:53  Marine  
  152  9:58  Supply Depot  
  153  10:02  Refinery x2, Marine  
  153  10:03  Marine  
  153  10:05  Marine  
  153  10:06  Marine, Supply Depot  
  157  10:11  Marine x2  
  159  10:14  Liberator  
  159  10:20  Marine, Liberator  
  159  10:21  Supply Depot  
  166  10:25  Siege Tank  
  166  10:26  Marine  
  166  10:27  Marine  
  171  10:28  Marine  
  171  10:29  Marine  
  173  10:37  Marine x2  
  173  10:41  Marine  
  176  10:42  Marine  
  176  10:48  Marine  
  176  10:49  Marine, Command Center  
  179  10:52  Marine  
  179  10:53  Marine  
  179  10:54  Sensor Tower  
  181  10:58  Siege Tank  
  181  10:59  Marine x2  
  181  11:04  Marine, Liberator  
  188  11:10  SCV  
  163  11:11  Orbital Command  
  163  11:17  Marine x2  
  165  11:18  Marine  
  165  11:19  Marine  
  165  11:20  Marine x2  
  165  11:23  Liberator  
  166  11:26  Marine  
  166  11:30  Marine  
  168  11:34  Marine  
  168  11:35  Marine  
  168  11:37  Marine  
  168  11:38  Marine  
  164  11:41  Siege Tank  
  167  11:53  Marine x2  
  167  11:54  Marine  
  170  11:56  Marine  
  168  12:06  Marine, Liberator x2  
  141  12:10  Marine  
  141  12:11  Marine  
  141  12:13  Siege Tank  
  141  12:14  Marine  
  144  12:18  Marine  
  144  12:20  Marine  
  146  12:33  Marine  
  146  12:35  Marine x2  
  134  12:37  Marine  
  134  12:43  Orbital Command  
Show
View Real Time Build Order
Export as new Build Order

Denver Zerg - Winner!

Build Orders: Hatch First 

Get SALT Encoding   

  12  0:00  Drone  
  13  0:12  Overlord  
  13  0:17  Drone  
  14  0:31  Drone x2  
  16  0:47  Hatchery  
  15  0:51  Drone  
  15  0:54  Drone  
  17  0:58  Drone  
  18  1:09  Extractor  
  17  1:14  Spawning Pool  
  17  1:16  Drone  
  17  1:20  Drone  
  18  1:27  Drone  
  19  1:38  Drone  
  20  1:49  Overlord  
  20  2:00  Queen  
  20  2:01  Queen, Drone x2  
  26  2:09  Metabolic Boost  
  26  2:10  Zergling x2  
  26  2:11  Zergling x2  
  29  2:22  Drone  
  29  2:23  Drone  
  30  2:35  Hatchery  
  29  2:40  Drone x2  
  31  2:45  Drone  
  31  2:48  Evolution Chamber  
  31  2:52  Overlord  
  31  2:54  Drone  
  31  2:58  Drone  
  33  3:04  Queen  
  35  3:08  Overlord  
  35  3:11  Drone  
  36  3:14  Drone  
  36  3:16  Drone  
  36  3:18  Drone  
  39  3:24  Zerg Ground Armor Level 1  
  39  3:26  Drone  
  40  3:28  Drone  
  40  3:35  Drone x3  
  40  3:36  Drone  
  44  3:43  Baneling Nest  
  43  3:49  Drone x5  
  43  3:51  Zergling x2  
  49  3:56  Queen  
  49  4:00  Overlord  
  49  4:02  Extractor  
  50  4:03  Zergling x4  
  50  4:08  Queen  
  54  4:14  Overlord  
  54  4:15  Zergling x2  
  54  4:16  Zergling x4  
  57  4:20  Drone x3  
  60  4:25  Zergling x2  
  60  4:26  Zergling x6  
  64  4:31  Zergling x2  
  64  4:36  Zergling x4  
  67  4:42  Baneling  
  67  4:43  Baneling x5  
  67  4:44  Zergling x4  
  69  4:46  Lair  
  69  4:49  Zergling x8  
  69  4:50  Zergling x2  
  74  4:56  Overlord  
  74  5:01  Overlord  
  74  5:06  Overlord  
  74  5:07  Overlord  
  74  5:13  Overlord  
  74  5:16  Drone x5  
  74  5:18  Zerg Melee Weapons Level 1  
  74  5:19  Drone x4  
  82  5:31  Drone x6  
  86  5:39  Zergling x2  
  86  5:40  Zergling x2  
  86  5:42  Zergling x2  
  89  5:45  Hatchery, Centrifical Hooks  
  89  5:48  Zergling x8  
  92  5:54  Zergling x4  
  94  5:57  Baneling x6  
  94  5:59  Zergling x2  
  94  6:03  Zergling x2  
  94  6:04  Zergling x8  
  100  6:06  Baneling x2  
  100  6:09  Queen  
  100  6:11  Overlord  
  102  6:12  Extractor  
  102  6:15  Drone x3  
  102  6:16  Overlord  
  102  6:18  Zergling x6  
  107  6:22  Zergling x2  
  108  6:26  Baneling x4  
  108  6:29  Hatchery  
  108  6:30  Drone  
  108  6:31  Overlord  
  108  6:33  Zergling x8  
  108  6:38  Zergling x8  
  115  6:47  Zergling x8  
  118  6:54  Baneling x7  
  118  6:55  Zergling x6  
  118  6:58  Queen  
  118  7:01  Zergling x12  
  128  7:07  Zergling x8  
  117  7:21  Drone x7  
  110  7:24  Drone  
  110  7:25  Spore Crawler  
  110  7:28  Zerg Ground Armor Level 2  
  110  7:29  Drone x3  
  113  7:31  Evolution Chamber  
  113  7:32  Extractor  
  113  7:36  Zergling x8  
  115  7:43  Zergling x14  
  121  7:45  Baneling x7  
  121  7:51  Zergling x6  
  121  7:52  Spore Crawler  
  121  7:54  Drone x2  
  121  7:55  Spore Crawler  
  124  8:01  Zergling x2  
  124  8:02  Zergling x10  
  124  8:04  Overlord  
  118  8:17  Zergling x16  
  110  8:23  Zergling x14  
  110  8:25  Zerg Melee Weapons Level 2  
  112  8:27  Queen x2  
  112  8:30  Zergling x16  
  124  8:36  Baneling x9  
  124  8:37  Zergling x4  
  124  8:38  Zergling x8  
  124  8:40  Drone x2  
  132  8:43  Drone x2  
  132  8:44  Drone  
  135  8:49  Drone x3  
  135  8:50  Spore Crawler, Drone  
  135  8:52  Burrow  
  138  9:07  Hatchery  
  137  9:14  Baneling x12  
  137  9:19  Drone x16  
  137  9:22  Overlord  
  150  9:29  Extractor, Overlord  
  150  9:30  Overlord  
  149  9:31  Hydralisk Den  
  149  9:32  Extractor, Overlord  
  149  9:33  Extractor  
  146  9:39  Zergling x8  
  146  9:41  Overlord x3  
  150  9:47  Overlord  
  150  9:48  Spore Crawler  
  150  9:49  Overlord  
  149  9:59  Overlord  
  149  10:00  Zergling x28  
  149  10:01  Zergling x2  
  164  10:07  Muscular Augments  
  164  10:09  Infestation Pit  
  162  10:17  Hydralisk x7  
  176  10:25  Zergling x16  
  184  10:32  Hydralisk x4  
  184  10:35  Baneling x2  
  192  10:42  Zergling x16  
  200  10:52  Hive  
  200  10:53  Baneling x14  
  199  11:01  Baneling x6  
  199  11:02  Baneling  
  197  11:08  Zergling x14  
  197  11:13  Baneling x8  
  197  11:17  Spore Crawler x2  
  189  11:27  Zergling x26  
  162  12:08  Zergling x4, Hydralisk x2  
  162  12:09  Zergling x28  
  162  12:10  Viper  
  162  12:11  Viper x2  
  162  12:15  Zergling x26  
  184  12:16  Zergling x6  
  190  12:23  Zergling x22  
  197  12:35  Queen x2  
  187  12:38  Hydralisk x10  
  197  12:45  Baneling x7  
  197  12:46  Baneling  
  192  12:53  Zergling x20  

Tags
 
Add a new tag
Caveats
  • Supply blocks, unpowered buildings, or Contaminate may cause inaccurate times.
  • Supply counts are checked every 10 seconds.